Map: Eternal Empire LE

Players

Denver

  • Race: Zerg Zerg
  • League: Grandmaster
  • Spawn Location: 7:00

HeroMarine - Winner!

  • Race: Terran Terran
  • Spawn Location: 1:00

Event: DreamHack SC2 Masters 2020 Fall

VOD

Have the link to the VOD?

Description

Time

  • Played on: Aug. 28, 2020, 2:16 p.m.
  • Length: 8:15

All games in this series

Show
View Real Time Build Order
Export as new Build Order

Denver Zerg 

Build Orders: Hatch First, Muta Ling Bane 

Get SALT Encoding   

  12  0:00  Drone  
  13  0:12  Overlord  
  13  0:17  Drone  
  14  0:30  Drone  
  14  0:31  Drone  
  16  0:48  Hatchery  
  15  0:51  Drone  
  15  0:55  Drone  
  17  0:58  Drone  
  18  1:10  Extractor  
  17  1:14  Spawning Pool  
  17  1:17  Drone  
  17  1:20  Drone  
  18  1:27  Drone  
  19  1:38  Drone  
  20  1:49  Overlord  
  20  2:01  Queen x2  
  20  2:02  Zergling x4  
  26  2:10  Drone x2  
  26  2:13  Metabolic Boost  
  28  2:21  Drone x2  
  30  2:38  Spore Crawler  
  30  2:39  Drone  
  30  2:40  Drone  
  30  2:44  Hatchery  
  31  2:46  Drone  
  32  2:51  Overlord  
  32  2:54  Drone  
  32  2:55  Drone  
  34  3:03  Queen  
  36  3:08  Overlord  
  36  3:10  Drone  
  36  3:12  Drone  
  38  3:16  Drone x2  
  40  3:21  Pneumatized Carapace  
  40  3:26  Overlord  
  40  3:28  Drone  
  40  3:31  Drone x2  
  43  3:39  Queen  
  45  3:41  Drone  
  45  3:42  Drone  
  45  3:46  Drone x3  
  50  3:53  Baneling Nest  
  49  3:56  Queen  
  49  3:59  Zergling x2  
  49  4:00  Drone x2  
  54  4:03  Overlord  
  54  4:05  Drone  
  54  4:09  Queen  
  57  4:13  Drone x2  
  59  4:18  Drone x3  
  59  4:19  Drone  
  59  4:22  Drone x2  
  65  4:25  Spore Crawler  
  65  4:26  Overlord  
  65  4:29  Overlord  
  64  4:35  Lair  
  64  4:36  Overlord  
  64  4:44  Spore Crawler, Drone  
  64  4:46  Spore Crawler  
  64  4:49  Drone  
  64  4:50  Drone x4  
  64  4:51  Drone  
  69  4:53  Evolution Chamber, Drone x2  
  69  4:56  Drone x2  
  69  4:59  Queen  
  74  5:02  Drone x2  
  74  5:06  Drone x2, Extractor x2  
  76  5:09  Overlord  
  76  5:13  Overlord  
  76  5:15  Drone x4  
  76  5:19  Overlord, Extractor  
  79  5:22  Drone x3  
  79  5:25  Extractor x2  
  79  5:27  Overlord  
  80  5:32  Overlord  
  80  5:33  Zergling x8  
  84  5:41  Spire  
  83  5:45  Drone x6  
  83  5:48  Spore Crawler  
  83  5:49  Overlord  
  86  5:59  Hatchery  
  86  6:02  Drone x2  
  87  6:08  Zergling x12  
  87  6:10  Centrifical Hooks  
  93  6:17  Zergling x8  
  88  6:24  Drone  
  88  6:25  Drone x2  
  79  6:30  Drone x5  
  80  6:39  Drone  
  81  6:40  Drone  
  81  6:41  Drone x3  
  85  6:47  Zergling x4  
  85  6:48  Evolution Chamber  
  85  6:52  Zergling x2  
  85  6:53  Zergling x2  
  88  6:55  Baneling x3  
  88  6:58  Drone  
  88  7:05  Zergling x8  
  92  7:11  Zergling x14  
  92  7:12  Zergling x2  
  91  7:21  Mutalisk x3  
  97  7:26  Baneling x6  
  97  7:29  Zergling x2  
  97  7:30  Zergling x2  
  97  7:32  Queen  
  97  7:33  Drone  
  97  7:34  Drone x5  
  104  7:40  Mutalisk x3  
  104  7:43  Drone x5  
  114  7:47  Zergling x6  
  114  7:49  Baneling x3  
  116  7:55  Zergling x6  
Show
View Real Time Build Order
Export as new Build Order

HeroMarine Terran - Winner!

Build Orders: Hellion Opening, Reaper Expand 

Get SALT Encoding   

  12  0:00  SCV  
  13  0:12  SCV  
  14  0:17  Supply Depot  
  14  0:24  SCV  
  15  0:39  SCV  
  15  0:40  Barracks  
  16  0:43  Refinery  
  16  0:51  SCV  
  17  1:03  SCV  
  18  1:15  SCV  
  19  1:27  Reaper, Orbital Command  
  20  1:40  Command Center  
  20  1:49  Supply Depot  
  20  1:52  SCV  
  21  1:58  Marine  
  22  2:04  SCV  
  23  2:13  Factory  
  23  2:16  SCV  
  23  2:20  Barracks Reactor  
  24  2:28  SCV  
  25  2:41  SCV  
  25  2:42  Command Center  
  26  2:53  SCV, Orbital Command  
  27  3:01  Starport  
  27  3:05  SCV  
  28  3:09  Hellion  
  32  3:13  Hellion  
  32  3:18  SCV, Refinery  
  33  3:20  SCV  
  34  3:30  Hellion  
  34  3:31  SCV  
  34  3:32  SCV  
  40  3:34  Hellion  
  40  3:39  Viking  
  40  3:40  Barracks Tech Lab  
  42  3:44  SCV  
  42  3:45  SCV  
  44  3:52  Hellion  
  48  3:55  Hellion  
  48  3:57  Orbital Command  
  48  4:00  SCV x2  
  50  4:12  SCV x2  
  50  4:13  Supply Depot, Hellion  
  50  4:17  Hellion, Liberator  
  56  4:23  SCV  
  60  4:24  SCV  
  60  4:26  Supply Depot  
  61  4:34  SCV  
  61  4:35  SCV, Stimpack  
  61  4:36  SCV  
  61  4:38  Supply Depot  
  64  4:45  Barracks  
  64  4:47  SCV, Orbital Command, Barracks  
  64  4:49  SCV, Supply Depot, Factory Reactor  
  66  4:56  Engineering Bay  
  66  4:59  SCV, Engineering Bay  
  67  5:00  Marine  
  67  5:01  SCV  
  67  5:03  Starport Reactor  
  69  5:11  SCV  
  69  5:14  SCV  
  71  5:15  Refinery x2  
  71  5:16  SCV  
  71  5:20  Marine  
  73  5:23  SCV  
  73  5:26  SCV, Terran Infantry Weapons Level 1, Terran Infantry Armor Level 1  
  76  5:28  SCV  
  76  5:30  Supply Depot  
  76  5:35  SCV  
  77  5:38  SCV  
  77  5:39  Factory Tech Lab  
  77  5:40  SCV  
  77  5:42  Marine x2  
  81  5:43  Barracks  
  81  5:44  Barracks  
  81  5:45  Marine x3  
  81  5:47  SCV  
  83  5:50  SCV  
  83  5:52  SCV  
  83  5:56  Medivac  
  83  5:57  Medivac  
  89  5:59  SCV, Marine x2  
  89  6:02  SCV  
  89  6:03  Marine  
  94  6:04  SCV  
  94  6:06  Siege Tank  
  94  6:11  Marine x2  
  98  6:13  SCV  
  101  6:19  Supply Depot x2  
  101  6:20  SCV, Marine  
  101  6:22  SCV  
  101  6:25  SCV  
  94  6:26  Marine  
  94  6:27  Marine  
  94  6:29  Marine x2  
  94  6:30  Medivac  
  94  6:32  SCV  
  95  6:34  Medivac  
  95  6:36  Barracks Reactor x2  
  95  6:38  Marine  
  95  6:39  SCV x2  
  98  6:40  Refinery x2  
  98  6:43  Supply Depot  
  98  6:44  SCV, Supply Depot, Marine x2  
  98  6:45  Siege Tank  
  104  6:47  Marine x2  
  104  6:48  Supply Depot  
  106  6:56  Marine  
  106  6:58  Armory  
  106  7:01  SCV x2  
  109  7:02  Marine x2  
  109  7:04  Command Center  
  109  7:05  Marine x2  
  113  7:12  Marine x2  
  113  7:13  Marine  
  113  7:15  Marine x2  
  110  7:20  Marine x2  
  114  7:23  Marine x2, Siege Tank  
  114  7:24  Medivac  
  114  7:28  Medivac  
  123  7:30  Marine x2  
  123  7:31  Marine  
  123  7:33  Marine x2  
  123  7:34  Supply Depot  
  123  7:35  Supply Depot  
  128  7:38  Marine x2  
  128  7:39  Factory  
  128  7:40  Marine  
  128  7:41  Marine  
  131  7:48  Marine x2  
  131  7:49  Marine  
  131  7:51  Marine x2  
  134  7:56  Marine x2  

Tags
 
Add a new tag
Caveats
  • Supply blocks, unpowered buildings, or Contaminate may cause inaccurate times.
  • Supply counts are checked every 10 seconds.